 Dungeon Crawl Stone Soup version 0.31-a0-43-g46d131a48f (webtiles) character file.

Game seed: 3482446750435803339

106 AleXD21137 the Ruffian (level 4, 0/40 HPs)
             Began as a Ghoul Monk on May 18, 2023.
             Was a Priest of Wu Jian.
             Slain by a worm (10 damage)
             ... on level 3 of the Dungeon.
             The game lasted 00:07:17 (1718 turns).

AleXD21137 the Ruffian (Ghoul Monk)                 Turns: 1718, Time: 00:07:18

Health: 0/40       AC:  2    Str: 14    XL:     4   Next: 84%
Magic:  3/3        EV: 12    Int:  7    God:    Wu Jian [***...]
Gold:   129        SH:  0    Dex: 11    Spells: 3/3 levels left

rFire   . .          .
                       - Unarmed
rCold   + . .        u - orb {*Rage}
rNeg    + + +        a - +0 robe
rPois   ∞            (no helmet)
rElec   .            (no cloak)
rCorr   .            (no gloves)
SInv    .            (no boots)
Will    .....        (no amulet)
Stlth   +            d - ring of flight
HPRegen 0.00/turn    r - ring of wizardry
MPRegen 0.08/turn

%: wizardry (x1)
@: flying, inhibited regen
A: claws 1, cold resistance 1, negative energy resistance 3, inhibited
regeneration, torment resistance 2, devour on kill
a: Renounce Religion, Wall Jump, Serpent's Lash


You were on level 3 of the Dungeon.
You worshipped Wu Jian.
Wu Jian was most pleased with you.
You visited 1 branch of the dungeon, and saw 3 of its levels.

You collected 129 gold pieces.

Inventory:

Armour
 a - a +0 robe (worn)
 c - an orb of light
 u - an orb of wrath (worn)
Jewellery
 d - a ring of flight (left claw)
 r - a ring of wizardry (right claw)
Wands
 s - a wand of flame (25)
Scrolls
 e - a scroll of immolation {unknown}
 f - 2 scrolls of magic mapping {unknown}
 g - a scroll of silence
 h - a scroll of enchant armour (quivered) {unknown}
 l - a scroll of torment {unknown}
 m - a scroll of noise {unknown}
 o - a scroll of poison {unknown}
 q - a scroll of identify {unknown}
Potions
 b - a potion of mutation {unknown}
 i - a potion of berserk rage {unknown}
 j - 2 potions of heal wounds {unknown}
 k - a potion of lignification {unknown}
 n - a potion of flight {unknown}
 p - 3 potions of might {unknown}
 t - a potion of attraction {unknown}


   Skills:
 + Level 3.9 Fighting
 + Level 3.4 Dodging
 + Level 0.4 Stealth
 + Level 4.7 Unarmed Combat


You had 3 spell levels left.
You didn't know any spells.
Your spell library was empty.

Dungeon Overview and Level Annotations

Branches:
Dungeon (3/15)

Altars:
Wu Jian


Innate Abilities, Weirdness & Mutations

You are immune to poison.
You have sharp fingernails.
Your flesh is cold resistant. (rC+)
You are immune to negative energy. (rN+++)
You do not regenerate when monsters are visible.
You are immune to unholy pain and torment.
You thrive by killing the living.


Message History

You see here a +0 pair of gloves.
A worm is nearby!
A kobold comes into view.
It is wielding a +0 short sword of venom.
The kobold shouts!
The kobold throws a throwing net.
The throwing net hits you.
You become entangled in the net!
You see here a throwing net.
You tear a large gash into the net.
You struggle against the net.
The worm bites you.
You struggle against the net.
The worm bites you.
You shred the net and break free!
You lunge at the kobold.
You scratch the kobold but do no damage.
You spin and attack the worm.
You claw the worm!
The worm is heavily wounded.
The kobold closely misses you. The worm barely misses you.
You barely miss the kobold. The kobold completely misses you.
You completely miss the kobold. The kobold barely misses you.
The worm bites you!
You closely miss the kobold.
The kobold hits you with a +0 short sword of venom.
You closely miss the kobold. The worm bites you.
An orc comes into view. It is wielding a +0 hand axe.
The kobold hits you but does no damage.
The orc shouts!
You scratch the kobold.
You kill the kobold!
The Council accepts your kill.
You feel better. The worm bites you!
* * * LOW HITPOINT WARNING * * *
Items here: ! ) ? †.
You barely miss the orc.
An endoplasm comes into view.
The orc hits you with a +0 hand axe.
* * * LOW HITPOINT WARNING * * *
You barely miss the orc. The orc completely misses you.
You scratch the orc.
The orc is severely wounded.
The worm bites you!
You die...

...... ...... ###
####......
..##########......(..
....................
#.######## #.......
..##########...####.#♣♣
..........†.[..w@oJ..~♣
############...####.#~~~
####.....~ .....~ .....P
#####♣ #### ############
...# #...........


You could see a worm, an orc and an endoplasm.

Vanquished Creatures
  Natasha (twice) (D:3)
  2 adders (D:2)
  2 worms (D:3)
  A dart slug (D:2)
  5 ball pythons
  2 endoplasms
  4 giant cockroaches (D:1)
  2 goblins
  3 hobgoblins
  5 bats
  A frilled lizard (D:1)
  3 kobolds
  2 rats
34 creatures vanquished.

Notes
Turn   | Place    | Note
-------+----------+-------------------------------------------
     0 | D:1      | AleXD21137 the Ghoul Monk began the quest for the Orb.
     0 | D:1      | Reached XP level 1. HP: 19/19 MP: 0/0
   172 | D:1      | Reached XP level 2. HP: 25/26 MP: 1/1
   350 | D:1      | Found a faded altar of an unknown god.
   358 | D:1      | Prayed at the altar of an unknown god.
   358 | D:1      | Became a worshipper of the Wu Jian Council
   358 | D:1      | Reached * piety under Wu Jian
   358 | D:1      | Reached ** piety under Wu Jian
   939 | D:2      | Reached XP level 3. HP: 6/33 MP: 2/2
  1173 | D:2      | Reached skill level 4 in Unarmed Combat
  1407 | D:2      | Reached *** piety under Wu Jian
  1473 | D:3      | HP: 1/33 [worm (4)]
  1588 | D:3      | Noticed Natasha
  1595 | D:3      | Killed Natasha
  1596 | D:3      | Reached XP level 4. HP: 21/40 MP: 3/3
  1692 | D:3      | Noticed Natasha
  1697 | D:3      | Killed Natasha
  1718 | D:3      | Slain by a worm

Illustrated notes

Levels and vault maps discovered:
D:1:      minmay_arrival_shattered_statue, layout_loops_ring,
          chequers_ecumenical_altar_island
D:2:      layout_basic
D:3:      layout_basic, st_stairs_14, serial_bayou_lake_a, uniq_sigmund,
          uniq_natasha

Skill      XL: |  1  2  3 |
---------------+----------+-----
Dodging        | 3 |  3.4
Unarmed Combat | 4 |  4.7
Fighting       | |  3.9
Stealth        | |  0.4

Action                     |  1- 3 |  4- 6 || total
---------------------------+-------+-------++-------
  Melee: Unarmed           |    90 |    23 ||   113
Ability: Whirlwind         |    11 |     3 ||    14
         Lunge             |     4 |     2 ||     6
    Use: Scroll            |     1 |       ||     1
         Potion            |     1 |       ||     1
 Armour: Robe              |    19 |     2 ||    21
  Dodge: Dodged            |    56 |    13 ||    69

Table legend: (Time is in decaauts)
 A = Elapsed time spent in this place.
 B = Non-inter-level travel time spent in this place.
 C = Inter-level travel time spent in this place.
 D = Time resting spent in this place.
 E = Time spent auto-exploring this place.
 F = Levels seen in this place.
 G = Mean time per level.
                   A        B        C        D        E       F      G
               +--------+--------+--------+--------+--------+-----+--------+
         Total |   1710 |   1706 |      4 |      0 |   1016 |   3 |  570.0 |
       Dungeon |   1710 |   1706 |      4 |      0 |   1016 |   3 |  570.0 |
               +--------+--------+--------+--------+--------+-----+--------+

Top non-repeatable levels by time:
     D:1: 838 daAuts
     D:2: 603 daAuts
     D:3: 267 daAuts
